 Dungeon Crawl Stone Soup version 0.29.1-15-g9cfb28693d (webtiles) character file.

Game seed: 8896717795186990367

546 promet the Shooter (level 7, -2/36 HPs)
             Began as a Vine Stalker Hunter on Mar 7, 2023.
             Was an Initiate of Dithmenos.
             Slain by a troll (4 damage)
             ... on level 5 of the Dungeon.
             The game lasted 00:27:34 (6297 turns).

promet the Shooter (Vine Stalker Hunter)            Turns: 6297, Time: 00:27:34

Health: -2/36      AC: 16    Str: 15    XL:     7   Next: 28%
Magic:  0/8        EV: 10    Int:  9    God:    Dithmenos [......]
Gold:   296        SH:  0    Dex: 18    Spells: 6/6 levels left

rFire   + . .      SeeInvis .   a - +3 whip (elec)
rCold   . . .      Faith    .   (no shield)
rNeg    . . .      Spirit   +   q - +4 scale mail {rF+}
rPois   .          Reflect  .   n - +0 helmet
rElec   .          Harm     .   (no cloak)
rCorr   +          Rampage  .   w - +0 pair of gloves
Will    .....                   (no boots)
Stlth   +.........              (no amulet)
HPRegen 0.92/turn               g - +4 ring of protection
MPRegen 0.11/turn               l - ring of resist corrosion

@: no status effects
A: fangs 2, regeneration 1, magic shield, antimagic bite, no potion heal 2
a: Renounce Religion


You were on level 5 of the Dungeon.
You worshipped Dithmenos.
Dithmenos was noncommittal.
You visited 1 branch of the dungeon, and saw 5 of its levels.

You collected 296 gold pieces.

Inventory:

Hand Weapons
 a - a +3 whip of electrocution (weapon)
 b - a +0 shortbow
 f - a +0 sling
 h - a +0 club
 j - a +1 short sword of protection
 o - a +0 spear
Missiles
 i - 24 stones (quivered)
 p - 2 throwing nets
Armour
 c - a +0 leather armour
 n - a +0 helmet (worn)
 q - a +4 scale mail of fire resistance (worn)
 w - a +0 pair of gloves (worn)
Jewellery
 e - an amulet of the acrobat
 g - a +4 ring of protection (left hand)
 l - a ring of resist corrosion (right hand)
 r - a ring of willpower
 s - a +6 ring of dexterity
Wands
 m - a wand of flame (15)
Scrolls
 d - a scroll of immolation
 t - 3 scrolls of identify
 x - a scroll of amnesia
Potions
 k - a potion of heal wounds
 u - 3 potions of curing
 v - a potion of magic


   Skills:
 * Level 3.4 Fighting
 + Level 2.3 Maces & Flails
 + Level 5.6 Ranged Weapons
 + Level 2.2 Armour
 + Level 2.1 Dodging
 + Level 1.9 Stealth


You had 6 spell levels left.
You didn't know any spells.
Your spell library contained the following spells:

 Spells                   Type           Power      Damage    Failure   Level
 Inner Flame              Hex/Fire       0%         N/A       99%         3
 Cause Fear               Hex            0%         N/A       100%        4
 Discord                  Hex            0%         N/A       100%        8


Dungeon Overview and Level Annotations

Branches:
Dungeon (5/15)
 Temple: D:4-7

Altars:
Dithmenos
Elyvilon
Qazlal
Ru
Sif Muna

Annotations:
D:3 Natasha


Innate Abilities, Weirdness & Mutations

You have extremely sharp teeth.
Your natural rate of healing is unusually fast.
When hurt, damage is shared between your health and your magic reserves.
Your bite disrupts and absorbs the magic of your enemies.
Potions cannot restore your health.


Message History

Fire: b) +0 shortbow
Press: ? - help, Q - select action, (/) - cycle Shift-Dir - straight line, f/p - troll
Aim: a troll (lightly wounded, 64% to hit)
You shoot an arrow.
The arrow hits the troll but does no damage.
The troll is lightly wounded.
You hear the crackle of electricity.
a - a +2 whip of electrocution (weapon)
The troll bites you! The troll barely misses you. The troll claws you.
You closely miss the troll. Your bite misses the troll.
The troll is lightly wounded.
The troll bites you but does no damage.
The troll claws you but does no damage. x2
You barely miss the troll. You bite the troll! You drain its power.
You feel invigorated.
The troll is moderately wounded.
The troll bites you but does no damage.
The troll claws you but does no damage. x2
You hit the troll.
The troll is moderately wounded.
The troll bites you but does no damage.
The troll claws you but does no damage. x2
You hit the troll.
The troll is moderately wounded.
The troll bites you! The troll claws you. The troll closely misses you.
You closely miss the troll. You punch the troll. Your bite misses the troll.
The troll is heavily wounded.
The troll bites you! The troll claws you but does no damage.
The troll claws you!
* * * LOW HITPOINT WARNING * * *
Okay, then.
As you read the scroll labelled OPSEUPE RAISOC, it crumbles to dust.
It is a scroll of enchant weapon.
Your +2 whip of electrocution glows red for a moment.
The troll bites you.
* * * LOW HITPOINT WARNING * * *
The troll claws you but does no damage. x2
You completely miss the troll. Your bite misses the troll.
The troll is moderately wounded.
The troll bites you.
* * * LOW HITPOINT WARNING * * *
The troll claws you but does no damage. The troll claws you.
You die...

.# #.#.########## ###
.####.#.#.......>##### #..
......#.#.######'#...# #..
#######.#.# #........# #..
........#.# #........# #..
.########.###........# #..
.# #...####.....# #.. .#
####.# #.#..###########..
.#
#....####@##..............
.#
#........T................
†###
#...#####.##########.....#
...# #...#####..# #......
##.# #...+......# #......
#.#
#...#####..#########......
#.#
##'#......................
#.#
##'#.###..###########.....
#.#
#..................##.....


You could see a troll.

Vanquished Creatures
  An ogre (D:4)
  2 scorpions
  2 jellies (D:2)
  Jessica (D:2)
  Terence (D:2)
  Natasha (D:3)
  2 orc wizards (D:5)
  Robin (D:2)
  6 adders
  3 ufetubi
  A dart slug (D:3)
  6 orcs
  7 bats
  15 endoplasms
  A giant cockroach (D:4)
  7 hobgoblins
  2 jackals (D:4)
  4 ball pythons
  A frilled lizard (D:3)
  11 goblins
  15 kobolds
  2 rats (D:3)
92 creatures vanquished.

Vanquished Creatures (others)
  7 fungi (D:2)
  6 toadstools (D:2)
13 creatures vanquished.

Grand Total: 105 creatures vanquished

Notes
Turn   | Place    | Note
-------+----------+-------------------------------------------
     0 | D:1      | promet the Vine Stalker Hunter began the quest for the Orb.
     0 | D:1      | Reached XP level 1. HP: 11/11 MP: 2/2
   286 | D:1      | Noticed a golden eye
   291 | D:1      | Found a faded altar of an unknown god.
   298 | D:1      | Noticed a great orb of eyes
   302 | D:1      | Noticed a great orb of eyes
   302 | D:1      | Noticed a golden eye
   320 | D:1      | Reached skill level 4 in Ranged Weapons
   320 | D:1      | Reached XP level 2. HP: 15/15 MP: 3/3
  1171 | D:2      | Noticed Terence
  1504 | D:2      | Noticed Jessica
  1512 | D:2      | Killed Jessica
  1513 | D:2      | Reached XP level 3. HP: 18/18 MP: 4/4
  1702 | D:2      | Killed Terence
  1703 | D:2      | Gained mutation: Your natural rate of healing is unusually
                  | fast. [Vine Stalker growth]
  1703 | D:2      | Reached XP level 4. HP: 5/23 MP: 1/5
  1901 | D:2      | Found a shimmering blue altar of Sif Muna.
  1974 | D:2      | Noticed Robin
  1996 | D:2      | Identified the +2 robe "Denoh" {-Cast Rampage Slay+4}
  2209 | D:2      | Reached skill level 1 in Armour
  2282 | D:2      | Reached XP level 5. HP: 18/26 MP: 2/6
  2416 | D:2      | Reached skill level 1 in Maces & Flails
  2554 | D:2      | Reached skill level 5 in Ranged Weapons
  2851 | D:2      | Killed Robin
  3283 | D:3      | Found a stormy altar of Qazlal.
  3650 | D:3      | Found a white marble altar of Elyvilon.
  3770 | D:3      | Noticed Natasha
  3773 | D:3      | Killed Natasha
  3774 | D:3      | Reached XP level 6. HP: 32/32 MP: 7/7
  4253 | D:3      | Noticed Natasha
  4472 | D:4      | Found a shadowy altar of Dithmenos.
  4499 | D:4      | Became a worshipper of Dithmenos the Shadowed
  4949 | D:4      | Found a sacrificial altar of Ru.
  5524 | D:5      | Entered Level 5 of the Dungeon
  5845 | D:5      | Reached XP level 7. HP: 26/36 MP: 8/8
  6251 | D:5      | Noticed a troll
  6297 | D:5      | Slain by a troll

Illustrated notes

Levels and vault maps discovered:
D:1:      sevenhm_arrival_forest_fort_small_3, layout_loops_ring,
          hellmonk_ecumenical_altar_watching_god
D:2:      cheibrodos_fertilizer, layout_loops_ring, basic_altar, minivault_25,
          uniq_robin, uniq_terence, uniq_jessica
D:3:      layout_basic, lemuel_doored_altar, nicolae_qazlal_general_emergency,
          uniq_natasha
D:4:      layout_loops_ring, nicolae_ru_awakened_eye,
          nicolae_dithmenos_the_darkroom, minivault_24,
          corexii_item_surrounded_by_moat, chequers_serial_rivers_large_a
D:5:      minmay_skewed_foursquare, layout_basic, temple_statues, minivault_5

Skill      XL: |  1  2  3  4  5  6 |
---------------+-------------------+-----
Ranged Weapons | 4 5 |  5.6
Fighting       | 2 3 |  3.4
Armour         | 1 2 |  2.2
Maces & Flails | 1 2 |  2.3
Dodging        | 2 |  2.1
Stealth        | |  1.9

Action                   |  1- 3 |  4- 6 |  7- 9 || total
-------------------------+-------+-------+-------++-------
Melee: Whip              |    23 |   124 |    35 ||   182
       Bite              |     4 |    31 |     6 ||    41
       Punch             |       |       |     1 ||     1
 Fire: Shortbow          |    26 |    59 |     5 ||    90
Throw: Stone             |     1 |       |       ||     1
  Use: Scroll            |     3 |     6 |     1 ||    10
       Potion            |     3 |     1 |     1 ||     5
Armor: Leather armour    |     8 |    14 |       ||    22
       Scale mail        |       |    66 |    28 ||    94
Dodge: Dodged            |    19 |    85 |    11 ||   115
